 Dungeon Crawl Stone Soup version 0.27-a0-906-g0a00ce863d (webtiles) character file.

Game seed: 2050092052829111612

32144 wakim the Frost Mage (level 13, -2/102 HPs)
             Began as a Demigod Ice Elementalist on Apr 7, 2021.
             Slain by a cane toad (18 damage)
             ... on level 2 of the Lair of Beasts.
             The game lasted 01:12:14 (21585 turns).

wakim the Frost Mage (Demigod Ice Elementalist)    Turns: 21585, Time: 01:12:15

Health: -2/102     AC: 20    Str: 13    XL:     13   Next: 2%
Magic:  21/27      EV: 15    Int: 33    God:
Gold:   565        SH: 10    Dex: 12    Spells: 9/25 levels left

rFire    + + .     SeeInvis +   a - +1 short sword (elec)
rCold    + . .     Faith    .   l - +0 buckler "Weicesel" {Rampage rPois rF+++ Dex-4}
rNeg     + + .     Spirit   .   m - +2 robe {Will+}
rPois    +         Reflect  +   u - +1 helmet
rElec    +         Harm     .   i - +0 cloak
rCorr    .         Rampage  +   (no gloves)
Will     +++..                  e - +0 pair of boots
Stlth    ++++......             h - amulet of False Pretenses {Reflect Contam +Inv rN+ SH+5 Stlth+}
HPRegen  0.27/turn              C - ring "Qiux Raanym" {rN+ Will+ Str+6 Dex+2}
MPRegen  0.20/turn              z - ring "Onoank" {Ice rElec SInv}

@: ice-armoured, freezing walls
A: high mp 1, forlorn, weak 1
a: Evoke Invisibility


You were on level 2 of the Lair of Beasts.
You visited 2 branches of the dungeon, and saw 16 of its levels.

You collected 764 gold pieces.
You spent 199 gold pieces at shops.

Inventory:

Hand Weapons
 a - a +1 short sword of electrocution (weapon)
 b - a +0 hunting sling
Missiles
 j - a curare-tipped dart
 k - 113 sling bullets
Armour
 e - a +0 pair of boots (worn)
 i - a +0 cloak (worn)
 l - the +0 buckler "Weicesel" (worn) {Rampage rPois rF+++ Dex-4}
   (You bought it in a shop on level 1 of the Dungeon)

   It affects your dexterity (-4).
   It renders you almost immune to fire.
   It protects you from poison.
   It bestows one free step when moving towards enemies.
 m - a +2 robe of willpower (worn)
 u - a +1 helmet (worn)
Jewellery
 c - the ring "Nuell" {*Slow rElec rC+ rN++ Will+}
   (You found it on level 9 of the Dungeon)

   [ring of protection from cold]

   It protects you from cold.
   It insulates you from electricity.
   It greatly protects you from negative energy.
   It may slow you when you take damage.
   It increases your willpower.
 d - a ring of poison resistance
 f - a ring of wizardry
 g - a ring of resist corrosion
 h - the amulet of False Pretenses (around neck) {Reflect Contam +Inv rN+ SH+5 Stlth+}
   (You took it off an orc knight on level 11 of the Dungeon)

   [amulet of reflection]

   It reflects blocked missile attacks.
   It protects you from negative energy.
   It lets you turn invisible.
   It causes magical contamination when unequipped.
   It affects your SH (+5).
   It makes you more stealthy.
 n - the ring "Axuodah" {Contam +Inv rN+ AC+4 Str+4}
   (You took it off an ogre mage on level 11 of the Dungeon)

   [ring of protection]

   It affects your AC (+4).
   It affects your strength (+4).
   It protects you from negative energy.
   It lets you turn invisible.
   It causes magical contamination when unequipped.
 s - a ring of flight
 z - the ring "Onoank" (right hand) {Ice rElec SInv}
   (You acquired it on level 8 of the Dungeon)

   [ring of ice]

   It enhances your ice magic.
   It makes you vulnerable to fire.
   It protects you from cold.
   It insulates you from electricity.
   It lets you see invisible.
 C - the ring "Qiux Raanym" (left hand) {rN+ Will+ Str+6 Dex+2}
   (You took it off a tengu conjurer on level 11 of the Dungeon)

   [ring of strength]

   It affects your strength (+6).
   It affects your dexterity (+2).
   It protects you from negative energy.
   It increases your willpower.
Wands
 t - a wand of charming (15)
 v - a wand of flame (53)
 w - a wand of acid (17)
 x - a wand of iceblast (20)
 y - a wand of paralysis (5)
Scrolls
 o - a scroll of enchant armour
 p - 4 scrolls of enchant weapon
 T - 7 scrolls of teleportation
 U - 5 scrolls of fear
 X - 4 scrolls of fog
 Y - a scroll of blinking
Potions
 A - 4 potions of ambrosia
 B - 3 potions of attraction
 D - 3 potions of brilliance
 E - a potion of cancellation
 F - 2 potions of curing
 G - a potion of flight
 H - 4 potions of haste
 I - a potion of invisibility
 K - a potion of magic
 L - 5 potions of lignification
 N - a potion of might
 O - a potion of resistance


   Skills:
 + Level 6.0 Fighting
 + Level 8.8 Dodging
 - Level 6.0 Stealth
 - Level 4.0 Shields
 + Level 6.9 Spellcasting
 - Level 4.0 Conjurations
 - Level 8.0 Hexes
 * Level 12.9 Ice Magic


You had 9 spell levels left.
You knew the following spells:

 Your Spells              Type           Power      Damage    Failure   Level
a - Freeze                Ice            100%       1d11      1%          1
b - Frozen Ramparts       Ice            100%       1d12      1%          3
c - Ozocubu's Armour      Ice            98%        N/A       1%          3
d - Metabolic Englaciati  Hex/Ice        44%        N/A       1%          5
e - Hailstorm             Conj/Ice       79%        3d16      1%          4

Your spell library contained the following spells:

 Spells                   Type           Power      Damage    Failure   Level
 Corona                   Hex            65%        N/A       1%          1
 Magic Dart               Conj           100%       1d8       1%          1
 Slow                     Hex            59%        N/A       1%          2
 Confusing Touch          Hex            59%        N/A       1%          3
 Cause Fear               Hex            29%        N/A       1%          4
 Inner Flame              Hex/Fire       37%        N/A       2%          3
 Portal Projectile        Hex/Tloc       74%        N/A       2%          3
 Summon Guardian Golem    Hex/Summ       37%        N/A       2%          3
 Ice Form                 Ice/Tmut       69%        N/A       2%          4
 Summon Ice Beast         Ice/Summ       69%        N/A       2%          4
 Animate Skeleton         Necr           22%        N/A       4%          1
 Apportation              Tloc           22%        N/A       4%          1
 Beastly Appendage        Tmut           22%        N/A       4%          1
 Sandblast                Erth           22%        2d7       4%          1
 Summon Small Mammal      Summ           44%        N/A       4%          1
 Conjure Flame            Conj/Fire      24%        6-21      5%          3
 Stone Arrow              Conj/Erth      48%        3d10      5%          3
 Blink                    Tloc           N/A        N/A       6%          2
 Call Imp                 Summ           11%        N/A       6%          2
 Passwall                 Tmut/Erth      9%         N/A       6%          2
 Wereblood                Tmut           11%        N/A       6%          2
 Mephitic Cloud           Conj/Pois/Air  20%        N/A       7%          3
 Leda's Liquefaction      Hex/Erth       18%        N/A       8%          4
 Call Canine Familiar     Summ           11%        N/A       12%         3
 Gell's Gravitas          Tloc           5%         N/A       12%         3
 Spider Form              Tmut/Pois      5%         N/A       12%         3
 Iskenderun's Battlesphe  Conj           37%        2d9       22%         5
 Yara's Violent Unravell  Hex/Tmut       18%        3d9       22%         5
 Petrify                  Tmut/Erth      11%        N/A       36%         4
 Summon Lightning Spire   Summ/Air       11%        N/A       36%         4
 Simulacrum               Ice/Necr       34%        N/A       38%         6
 Freezing Cloud           Conj/Ice/Air   32%        6-21      52%         6
 Bolt of Magma            Conj/Fire/Erth 10%        4d7       54%         5
 Hydra Form               Tmut           5%         N/A       73%         5
 Lee's Rapid Deconstruct  Erth           5%         3d7*      73%         5
 Iron Shot                Conj/Erth      12%        9d3       95%         6
 Orb of Destruction       Conj           18%        9d8       100%        7
 Spellforged Servitor     Conj/Summ      12%        N/A       100%        7


Dungeon Overview and Level Annotations

Branches:
Dungeon (13/15)            Temple (0/1) D:4            Lair (3/6) D:11
  Snake (0/4) Lair:2
  Swamp: Lair:2-4    Shoals: Lair:2-4       Orc: D:9-12      Vaults: D:13-14

Shops:
D:1 [   D:10 *

Annotations:
D:8 exclusion: ice statue
D:10 exclusion: orange crystal statue
D:11 exclusion: 2 doors
Lair:3 exclusion: 2 oklob plants


Innate Abilities, Weirdness & Mutations

Your attributes grow dramatically as you level up.
You have an increased reservoir of magic. (+10% MP)
You shall have no god before yourself.
You are weak. (Str -2)


Message History

* * * LOW HITPOINT WARNING * * *
The hornet misses you.
The cane toad stings you but does no damage.
Unknown command.
Your icy armour will break if you move.
Continue? [Y]es or [N]o only, please.
Your icy armour will break if you move.
Continue?
Your icy armour cracks and falls away as you move.
You block the cane toad's attack. You block the hornet's attack.
The cane toad closely misses you. You block the hornet's attack.
Casting: Ozocubu's Armour (safe; 1% risk of failure)
Confirm with . or Enter, or press ? or * to list all spells.
You feel a surge of power! A film of ice covers your body!
The cane toad stings you!
* * * LOW HITPOINT WARNING * * *
The hornet closely misses you. The cane toad barely misses you.
Casting: Ozocubu's Armour (safe; 1% risk of failure)
Confirm with . or Enter, or press ? or * to list all spells.
You feel a surge of power!
The walls around you are covered in ice.
The wall freezes the hornet.
The hornet stings you but does no damage.
The cane toad barely misses you.
The wall freezes the hornet.
You block the hornet's attack.
You hit the hornet.
The hornet is moderately wounded.
The wall freezes the hornet.
The hornet misses you. The cane toad closely misses you.
You hit the hornet.
The hornet is moderately wounded.
The wall freezes the hornet!
The hornet stings you.
* * * LOW HITPOINT WARNING * * *
The cane toad misses you.
The wall freezes the hornet!
The hornet closely misses you.
You hit the hornet but do no damage. Lightning courses through the hornet!!
You kill the hornet!
You block the cane toad's attack. The cane toad stings you!!
You die...

##....##....####### #.....#######
##....##......#.#P####.....#.....
##....##............##....#......
##.....#....##P......+....##.....
.+....+.....###....##......#.....
.#.....#.....###.##.#......#....P
##+....#....#.########...........
.#.#...#....P..#####.#....###.#..
................@.........#.##.##
...............F.................
............>....................
.................................
............................##...
.##.#'####..................##.P.
..###.####................≈.##...
.P###.##P#..............P...#####
.###......................####...


You could see a cane toad.

Vanquished Creatures
  Gastronok (Lair:1)
  2 boulder beetles (D:11)
  Erolcha (D:9)
  An ogre mage (D:11)
  A two-headed ogre (D:10)
  The ghost of Lanoc the Destroyer, a novice OgCj of Uskayaw (D:9)
  An orc knight (D:11)
  An ugly thing (D:11)
  A cyclops (D:11)
  2 manticores (D:11)
  5 elephants
  A moth of wrath (D:9)
  A black mamba (Lair:1)
  A torpor snail (shapeshifter) (D:11)
  2 centaur skeletons (D:11)
  A gargoyle (D:11)
  4 cane toads
  An efreet (D:11)
  An unseen horror (D:11)
  Psyche (D:9)
  4 komodo dragons
  A tengu conjurer (D:11)
  A queen bee (Lair:2)
  A hornet (Lair:2)
  A polar bear (Lair:2)
  Prince Ribbit (D:9)
  A centaur simulacrum (D:11)
  A water elemental (D:13)
  A wraith (D:11)
  32 yaks
  A vampire (D:11)
  3 wyverns
  A steam dragon (Lair:2)
  3 basilisks (Lair:2)
  A vampire mosquito (D:11)
  Grum (D:11)
  Edmund (D:6)
  3 wargs (D:11)
  Duvessa (D:6)
  11 water moccasins
  4 acid dragons
  A hornet zombie (D:6)
  5 orc warriors
  A sky beast (D:6)
  2 centaurs
  17 wolves
  6 bullfrogs
  A kobold brigand (D:7)
  2 gnoll sergeants
  A scorpion (D:4)
  Dowan (D:6)
  2 water moccasin skeletons
  50 killer bees
  11 wights
  A howler monkey (D:11)
  3 bullfrog zombies
  7 centaur zombies
  4 hounds
  4 jellies
  Crazy Yiuf (D:3)
  8 orc priests
  2 iguanas
  A hell rat (Lair:2)
  11 orc wizards
  Natasha (thrice) (D:2)
  A hound skeleton (D:4)
  A howler monkey zombie (D:9)
  12 gnolls
  7 adders
  10 river rats
  A white imp (D:5)
  An ufetubus (D:5)
  5 dart slugs
  49 orcs
  6 endoplasms
  4 giant cockroaches
  4 goblins
  8 hobgoblins
  12 jackals
  8 kobolds
  10 quokkas
  7 ball pythons
  6 bats
  4 frilled lizards
  22 rats
427 creatures vanquished.

Vanquished Creatures (others)
  7 fungi
  18 plants
25 creatures vanquished.

Grand Total: 452 creatures vanquished

Notes
Turn   | Place    | Note
-------+----------+-------------------------------------------
     0 | D:1      | wakim the Demigod Ice Elementalist began the quest for the
                  | Orb.
     0 | D:1      | Reached XP level 1. HP: 14/14 MP: 5/5
    23 | D:1      | Found Qiblyut's Antique Armour Boutique.
   509 | D:1      | Reached XP level 2. HP: 13/20 MP: 2/7
   685 | D:1      | Reached skill level 4 in Ice Magic
  1146 | D:2      | Noticed Natasha
  1282 | D:2      | Reached XP level 3. HP: 16/26 MP: 3/8
  1463 | D:2      | Learned a level 3 spell: Frozen Ramparts
  1687 | D:2      | Killed Natasha
  1688 | D:2      | Reached XP level 4. HP: 20/33 MP: 5/10
  1831 | D:2      | Learned a level 3 spell: Ozocubu's Armour
  2567 | D:2      | Noticed Natasha
  2574 | D:2      | Killed Natasha
  2575 | D:2      | Reached XP level 5. HP: 33/38 MP: 6/12
  2619 | D:2      | Noticed Natasha
  2624 | D:2      | Killed Natasha
  2679 | D:3      | Reached skill level 1 in Hexes
  3253 | D:3      | Found a runed translucent door.
  3254 | D:3      | Noticed Crazy Yiuf
  3261 | D:3      | Killed Crazy Yiuf
  3262 | D:3      | Reached skill level 5 in Ice Magic
  4101 | D:4      | Reached XP level 6. HP: 31/45 MP: 4/13
  4745 | D:4      | Found a staircase to the Ecumenical Temple.
  5371 | D:5      | Entered Level 5 of the Dungeon
  5395 | D:5      | Reached skill level 6 in Ice Magic
  5395 | D:5      | Reached XP level 7. HP: 32/50 MP: 0/15
  6431 | D:5      | Learned a level 5 spell: Metabolic Englaciation
  7073 | D:6      | Reached skill level 1 in Shields
  7215 | D:6      | Reached skill level 7 in Ice Magic
  7215 | D:6      | Reached XP level 8. HP: 57/57 MP: 11/17
  7676 | D:6      | Noticed Duvessa
  7676 | D:6      | Noticed Dowan
  7875 | D:6      | Noticed Edmund
  8209 | D:6      | Killed Edmund
  8428 | D:7      | Reached skill level 8 in Ice Magic
  8923 | D:7      | Reached XP level 9. HP: 63/63 MP: 11/18
  9254 | D:7      | Reached skill level 1 in Fighting
  9813 | D:8      | Reached skill level 5 in Dodging
 10043 | D:8      | Noticed an ice statue
 10248 | D:8      | Identified 3 scrolls of acquirement
 10248 | D:8      | Acquired the ring "Onoank" {Ice rElec SInv}
 10251 | D:8      | Acquired a ring of poison resistance
 10253 | D:8      | Acquired Rasy's Compendium of Cold
 10260 | D:8      | Learned a level 4 spell: Hailstorm
 11109 | D:9      | Noticed Psyche
 11114 | D:9      | Killed Psyche
 11172 | D:9      | Reached skill level 9 in Ice Magic
 11188 | D:9      | Noticed Prince Ribbit
 11324 | D:9      | Noticed Erolcha
 11335 | D:9      | Killed Erolcha
 11336 | D:9      | Reached XP level 10. HP: 77/77 MP: 14/21
 11349 | D:9      | Reached skill level 5 in Spellcasting
 11539 | D:9      | Found a transporter.
 11539 | D:9      | Noticed Lanoc's ghost (novice OgCj)
 11569 | D:9      | Found a transporter.
 11587 | D:9      | Killed Prince Ribbit
 11632 | D:9      | Noticed a moth of wrath
 11840 | D:10     | Entered Level 10 of the Dungeon
 11887 | D:10     | Reached skill level 10 in Ice Magic
 12138 | D:10     | Noticed an orange crystal statue
 12317 | D:10     | Noticed a two-headed ogre
 12370 | D:10     | Killed a two-headed ogre
 12371 | D:10     | Reached skill level 11 in Ice Magic
 12371 | D:10     | HP: 3/78 [orc priest/divine providence (10)]
 12381 | D:10     | HP: 2/78 [orc priest/divine providence (14)]
 12996 | D:10     | Found Istrel's Elemental Accessories.
 13020 | D:10     | Reached XP level 11. HP: 66/84 MP: 12/22
 13142 | D:10     | You fall into a shaft and drop 3 floors!
 13153 | D:13     | Noticed a centaur warrior
 13422 | D:12     | Noticed a death knight
 13422 | D:12     | Noticed a skeletal warrior
 14155 | D:11     | Found a staircase to the Lair.
 14172 | D:11     | Reached skill level 1 in Conjurations
 14291 | D:11     | Reached skill level 5 in Stealth
 14594 | D:11     | Noticed Grum
 14597 | D:11     | Identified the ring "Axuodah" {Contam +Inv rN+ AC+4 Str+4}
 14597 | D:11     | Noticed an ogre mage
 14609 | D:11     | Killed Grum
 14610 | D:11     | Paralysed by an ogre mage for 5 turns
 14613 | D:11     | Killed an ogre mage
 14614 | D:11     | Reached skill level 12 in Ice Magic
 14897 | D:11     | Noticed a boulder beetle
 14962 | D:11     | Killed a boulder beetle
 15259 | D:11     | Noticed a boulder beetle
 15286 | D:11     | Killed a boulder beetle
 15287 | D:11     | Reached skill level 5 in Fighting
 15287 | D:11     | Reached skill level 5 in Hexes
 15590 | D:11     | Identified the ring "Qiux Raanym" {rN+ Will+ Str+6 Dex+2}
 15828 | D:11     | Identified the amulet of False Pretenses {Reflect Contam
                  | +Inv rN+ SH+5 Stlth+}
 15828 | D:11     | Noticed an orc knight
 15850 | D:11     | Killed an orc knight
 16485 | D:10     | Gained mutation: You are weak. (Str -2) [mutagenic glow]
 16772 | D:1      | Bought an encrusted buckler for 199 gold pieces
 16772 | D:1      | Identified the +0 buckler "Weicesel" {Rampage rPois rF+++
                  | Dex-4} (You bought it in a shop on level 1 of the Dungeon)
 16945 | D:6      | Killed Dowan
 16949 | D:6      | Killed Duvessa
 16950 | D:6      | Reached XP level 12. HP: 73/94 MP: 19/25
 17382 | D:9      | Killed Lanoc's ghost
 17384 | D:9      | Identified the ring "Nuell" {*Slow rElec rC+ rN++ Will+}
 17712 | Lair:1   | Entered Level 1 of the Lair of Beasts
 18192 | Lair:1   | Noticed Gastronok
 18205 | Lair:1   | Killed Gastronok
 20687 | Lair:2   | Found a staircase to the Snake Pit.
 21119 | Lair:2   | Reached XP level 13. HP: 93/102 MP: 20/27
 21568 | Lair:3   | Paralysed by a hornet for 1 turns
 21585 | Lair:2   | Slain by a cane toad

Illustrated notes

Levels and vault maps discovered:
D:1:      amcnicky_arrival_feature_with_door, layout_loops_ring, serial_shops,
          shop, minivault_14
D:2:      minmay_recursive_quarters, layout_rooms, basic_ecumenical_altar,
          serial_forest, infiniplex_forest_lined_3,
          infiniplex_forest_lined_ring, infiniplex_forest_clump_double,
          infiniplex_forest_zigzag_1, infiniplex_forest_pool,
          infiniplex_forest_clump_long, roderic_serpentine_path,
          small_statue_intersection, uniq_natasha
D:3:      layout_loops_ring, grunt_ministairs_1, uniq_crazy_yiuf_cottage
D:4:      layout_basic, minmay_temple_entry_antechambers
D:5:      lemuel_ratsnest, layout_loops_ring
D:6:      layout_rooms, kennysheep_mini, kennysheep_generic_room_5,
          uniq_duvessa, uniq_edmund
D:7:      layout_loops_ring
D:8:      lemuel_ice_statue, layout_rooms
D:9:      layout_roguey, gammafunk_ghost_berserking_beasts, uniq_erolcha,
          uniq_prince_ribbit1, uniq_psyche
D:10:     layout_irregular_city, chequers_big_river, nicolae_elemental_shop,
          disabler_island
D:11:     minmay_the_grid_triangle_9x9_recursive_3_mashed
          [minmay_the_grid_triangle_9x9_cache,
          minmay_the_grid_triangle_9x9_zippers_horizontal,
          minmay_the_grid_triangle_9x9_limited_checkers,
          minmay_the_grid_triangle_9x9_prize_special,
          minmay_the_grid_triangle_9x9_windchime,
          minmay_the_grid_triangle_9x9_zippers_vertical,
          minmay_the_grid_triangle_9x9_dagger,
          minmay_the_grid_triangle_9x9_semitri,
          minmay_the_grid_triangle_9x9_impossible_snake], layout_stronghold,
          erik_lair_orcish_takeover, hangedman_weighted_door,
          chequers_serial_rivers_small_b, roderic_roman_lattice, uniq_grum
D:12:     layout_basic, orc_0_dummy, enter_trove_6, uniq_snorg
D:13:     layout_big_octagon, david_vaults_5, portal_ice_cave_demonic_guard,
          minmay_misc_feat_doors
Lair:1:   layout_chaotic_city, chequers_serial_rivers_micro_c, uniq_gastronok
Lair:2:   regret_index_tunnel_blossom, layout_regular_city
Lair:3:   dpeg_oklob_shooting_range, layout_loops_ring,
          elwin_shoals_entry_rocks, eino_house_with_fridge, grunt_megastairs_1

Skill      XL: |  1  2  3  4  5  6  7  8  9 10 11 12 |
---------------+-------------------------------------+-----
Stealth        | 2 3 4 6 |  6.0
Spellcasting   | 2 3 4 5 6 |  6.9
Ice Magic      | 4 5 6 7 8 9 11 12 | 12.9
Hexes          | 1 2 4 5 8 |  8.0
Dodging        | 2 3 4 5 6 8 |  8.8
Shields        | 1 4 |  4.0
Fighting       | 3 4 5 6 |  6.0
Conjurations   | 3 4 |  4.0

Action                   |  1- 3 |  4- 6 |  7- 9 | 10-12 | 13-15 || total
-------------------------+-------+-------+-------+-------+-------++-------
Melee: Short sword       |     4 |     3 |   121 |   411 |    21 ||   560
       Quarterstaff      |       |    17 |     8 |       |       ||    25
 Fire: Hunting sling     |       |    18 |    12 |     1 |       ||    31
 Cast: Freeze            |    39 |    11 |     2 |     6 |       ||    58
       Frozen Ramparts   |     6 |    48 |    77 |    93 |     2 ||   226
       Ozocubu's Armour  |       |    11 |    37 |    67 |     3 ||   118
       Hailstorm         |       |       |       |    40 |       ||    40
       Metabolic Englaci |       |       |       |     1 |       ||     1
  Use: Scroll            |     2 |     3 |    13 |     9 |     1 ||    28
       Potion            |       |       |       |     4 |     1 ||     5
 Stab: Distracted        |       |       |     1 |       |       ||     1
Armor: Robe              |     6 |    41 |    73 |   311 |    11 ||   442
Dodge: Dodged            |    17 |    68 |   116 |   439 |    23 ||   663
Block: Buckler           |       |       |    28 |   208 |    15 ||   251

Table legend: (Time is in decaauts)
 A = Elapsed time spent in this place.
 B = Non-inter-level travel time spent in this place.
 C = Inter-level travel time spent in this place.
 D = Time resting spent in this place.
 E = Time spent auto-exploring this place.
 F = Levels seen in this place.
 G = Mean time per level.
                   A        B        C        D        E       F      G
               +--------+--------+--------+--------+--------+-----+--------+
         Total |  21687 |  20639 |   1048 |   1794 |  15242 |  16 | 1355.4 |
       Dungeon |  18104 |  17162 |    942 |   1794 |  12414 |  13 | 1392.6 |
          Lair |   3583 |   3477 |    106 |      0 |   2828 |   3 | 1194.3 |
               +--------+--------+--------+--------+--------+-----+--------+

Top non-repeatable levels by time:
    D:11: 3188 daAuts
  Lair:2: 2442 daAuts
     D:9: 1801 daAuts
     D:6: 1725 daAuts
     D:4: 1716 daAuts
     D:2: 1507 daAuts
     D:5: 1457 daAuts
    D:10: 1392 daAuts
     D:3: 1341 daAuts
     D:1: 1302 daAuts
     D:8: 1202 daAuts
     D:7: 1147 daAuts
  Lair:1: 1135 daAuts
    D:13: 284 daAuts
    D:12: 36 daAuts
